[Event "ICC Open 2015"]
[Site "Internet Chess Club"]
[Date "2015.05.29"]
[Round "8"]
[White "Willy809"]
[Black "mmf00"]
[Result "0-1"]
[ICCResult "White checkmated"]
[WhiteElo "1697"]
[BlackElo "1915"]
[Opening "QGA: 3.Nf3"]
[ECO "D21"]
[NIC "QG.05"]
[Time "20:52:36"]
[TimeControl "180+0"]

1. d4 d5 2. c4 dxc4 3. Nf3 c5 4. d5 e6 5. e4 exd5 6. exd5 Nf6 7. Bxc4 Bd6 8.
Bg5 O-O 9. O-O a6 10. a4 Nbd7 11. a5 Qc7 12. Re1 Ng4 13. h3 Nge5 14. Be2
Nxf3+ 15. Bxf3 Ne5 16. Be2 Bf5 17. Nc3 Rfe8 18. Bf1 h6 19. Bd2 Rad8 20. Na4
Nd7 21. Qb3 Nf6 22. Nb6 Ne4 23. Be3 Bh2+ 24. Kh1 Bf4 25. Nc4 Bxe3 26. Nxe3
Nxf2+ 27. Kg1 Nxh3+ 28. gxh3 Qg3+ 29. Bg2 Bxh3 30. Re2 Bxg2 31. Rxg2 Qxe3+
32. Qxe3 Rxe3 33. Rd1 Re7 34. Kf2 Red7 35. Kf3 Rxd5 36. Rxd5 Rxd5 37. Ke4
Rd4+ 38. Ke5 Rb4 39. Rc2 Rb5 40. Kd6 Rxa5 41. Kc7 Rb5 42. Kd6 h5 43. Rg2 g6
44. Kd5 Kg7 45. Kc4 Kh6 46. Rf2 h4 47. Rxf7 Kg5 48. Rc7 Kg4 49. Rg7 g5 50.
Rh7 h3 51. Kc3 Kg3 52. b3 g4 53. Rg7 h2 54. Rh7 Kg2 55. Rh4 g3 56. Kc4 Rb4+
57. Kxc5 Rxh4 58. Kb6 h1=Q 59. Kxb7 Qh2 60. Kc7 Kh3 61. Kd6 g2+ 62. Kc5
g1=Q+ 63. Kc6 Qg5 64. b4 Rh6+ 65. Kd7 Qg7+ 66. Ke8 Rh8# {White checkmated}
0-1

[Event "ICC Open 2015"]
[Site "Internet Chess Club"]
[Date "2015.05.29"]
[Round "9"]
[White "KingsServant"]
[Black "johnny197"]
[Result "1-0"]
[ICCResult "Black resigns"]
[WhiteElo "1492"]
[BlackElo "1363"]
[Opening "Robatsch (modern) defense"]
[ECO "B06"]
[NIC "KF.05"]
[Time "21:06:04"]
[TimeControl "180+0"]

1. e4 g6 2. d4 Bg7 3. Be3 c5 4. c3 cxd4 5. Bxd4 Bxd4 6. cxd4 d5 7. e5 a6 8.
Nc3 Nc6 9. Rc1 Qa5 10. h3 Be6 11. Nf3 Nh6 12. Bd3 Qb4 13. Qd2 O-O 14. Qxh6
{Black resigns}
1-0

[Event "ICC Open 2015"]
[Site "Internet Chess Club"]
[Date "2015.05.29"]
[Round "9"]
[White "hamballe"]
[Black "bullbuffalo"]
[Result "0-1"]
[ICCResult "White checkmated"]
[WhiteElo "1425"]
[BlackElo "1391"]
[Opening "Queen's gambit accepted"]
[ECO "D20"]
[NIC "QG.03"]
[Time "21:05:33"]
[TimeControl "180+0"]

1. d4 d5 2. c4 dxc4 3. e3 c6 4. Bxc4 b5 5. Bd3 Nf6 6. Nf3 Bb7 7. O-O Qc7 8.
b4 e6 9. Bb2 Ng4 10. h3 h5 11. hxg4 hxg4 12. Ne5 f5 13. Nd2 Bd6 14. g3 Bxe5
15. dxe5 c5 16. Rc1 Rh1# {White checkmated} 0-1

[Event "ICC Open 2015"]
[Site "Internet Chess Club"]
[Date "2015.05.29"]
[Round "9"]
[White "bennywins"]
[Black "Ernie1"]
[Result "1-0"]
[ICCResult "Black resigns"]
[WhiteElo "1187"]
[BlackElo "1314"]
[Opening "Caro-Kann defense"]
[ECO "B10"]
[NIC "CK.01"]
[Time "21:06:04"]
[TimeControl "180+0"]

1. e4 c6 2. Nf3 d5 3. e5 e6 4. d4 g6 5. Bf4 Bh6 6. Bg3 Ne7 7. Bd3 Nf5 8. Nc3
O-O 9. Qe2 Nd7 10. O-O Nb6 11. a3 f6 12. Bxf5 exf5 13. exf6 Qxf6 14. Be5 Qe6
15. Rfe1 Bg7 16. Ng5 Qf7 17. Nxf7 {Black resigns} 1-0

[Event "ICC Open 2015"]
[Site "Internet Chess Club"]
[Date "2015.05.29"]
[Round "9"]
[White "QuintilianoR"]
[Black "chessrex"]
[Result "1-0"]
[ICCResult "Black checkmated"]
[WhiteElo "2334"]
[BlackElo "2150"]
[Opening "Queen's pawn: Charlick (Englund) gambit"]
[ECO "A40"]
[NIC "QO.17"]
[Time "21:06:01"]
[TimeControl "180+0"]

1. d4 e5 2. dxe5 Nc6 3. Nf3 Nge7 4. Bg5 h6 5. Bh4 g5 6. Bg3 Bg7 7. Nc3 Ng6
8. h4 g4 9. Nd4 Ncxe5 10. h5 Ne7 11. Bh4 d6 12. Nd5 N5c6 13. Nxc6 bxc6 14.
Bxe7 Qd7 15. Nf6+ Bxf6 16. Bxf6 Rg8 17. Qd3 Rb8 18. Qh7 Kf8 19. Qxh6+ Ke8
20. Qe3+ Kf8 21. h6 Qf5 22. Qe7# {Black checkmated} 1-0

[Event "ICC Open 2015"]
[Site "Internet Chess Club"]
[Date "2015.05.29"]
[Round "9"]
[White "Bagelhead"]
[Black "ChessNakas"]
[Result "1-0"]
[ICCResult "Black checkmated"]
[WhiteElo "2339"]
[BlackElo "2092"]
[Opening "French: Paulsen variation"]
[ECO "C10"]
[NIC "FR.04"]
[Time "21:05:48"]
[TimeControl "180+0"]

1. e4 e6 2. d4 d5 3. Nc3 Nc6 4. Nf3 Nf6 5. Bd3 Bb4 6. O-O Bxc3 7. exd5 Nxd4
8. bxc3 Nxf3+ 9. Qxf3 Qxd5 10. Qg3 b6 11. a4 Bb7 12. Bb5+ c6 13. Be2 Ne4 14.
Qxg7 O-O-O 15. Bf3 Rhg8 16. Qxh7 c5 17. Bf4 f5 18. Qc7# {Black checkmated}
1-0

[Event "ICC Open 2015"]
[Site "Internet Chess Club"]
[Date "2015.05.29"]
[Round "9"]
[White "Talion"]
[Black "lsokol"]
[Result "1-0"]
[ICCResult "Black resigns"]
[WhiteElo "2867"]
[BlackElo "2377"]
[Opening "Queen's pawn: London system"]
[ECO "A45"]
[NIC "QP.07"]
[Time "21:05:50"]
[TimeControl "180+0"]

1. d4 Nf6 2. Bf4 d6 3. c3 Nbd7 4. Nf3 h6 5. h3 g5 6. Bh2 Bg7 7. e3 c6 8. Be2
Qb6 9. Qb3 Qxb3 10. axb3 Nb6 11. b4 O-O 12. O-O Bf5 13. Nbd2 Ne4 14. Nxe4
Bxe4 15. Nd2 Bg6 16. Kh1 a6 17. f3 Rfe8 18. e4 e5 19. dxe5 dxe5 20. Nb3 Bf8
21. Na5 Re7 22. Bg1 Nc8 23. Rfd1 Rc7 24. Rd8 Kg7 25. Bc5 Bxc5 26. bxc5 f6
27. Rad1 Bf7 28. R1d7 Rxd7 29. Rxd7 b6 30. Nxc6 bxc5 31. Bc4 {Black resigns}
1-0

[Event "ICC Open 2015"]
[Site "Internet Chess Club"]
[Date "2015.05.29"]
[Round "9"]
[White "vincentparagas"]
[Black "EpicEffects"]
[Result "0-1"]
[ICCResult "White resigns"]
[WhiteElo "1639"]
[BlackElo "2274"]
[Opening "Trompowsky attack (Ruth, Opocenský opening)"]
[ECO "A45"]
[NIC "QP.07"]
[Time "21:05:31"]
[TimeControl "180+0"]

1. d4 Nf6 2. Bg5 Ne4 3. h4 h6 4. Bf4 d6 5. Nd2 Nxd2 6. Qxd2 g6 7. O-O-O Bg7
8. Kb1 Nd7 9. e3 c5 10. Bb5 O-O 11. Bxd7 Bxd7 12. dxc5 Be6 13. cxd6 exd6 14.
Qxd6 Qa5 15. a3 Rfd8 {White resigns} 0-1

[Event "ICC Open 2015"]
[Site "Internet Chess Club"]
[Date "2015.05.29"]
[Round "9"]
[White "Doondoon"]
[Black "Ira57"]
[Result "0-1"]
[ICCResult "White resigns"]
[WhiteElo "1723"]
[BlackElo "1894"]
[Opening "QGD: Tartakower (Makagonov-Bondarevsky) system"]
[ECO "D58"]
[NIC "QO.10"]
[Time "21:06:18"]
[TimeControl "180+0"]

1. d4 e6 2. c4 d5 3. Nc3 Be7 4. Nf3 Nf6 5. Bg5 O-O 6. e3 h6 7. Bh4 b6 8. Bd3
Bb7 9. O-O Nbd7 10. Rc1 c5 11. Re1 Rc8 12. b3 dxc4 13. Bxc4 cxd4 14. Nxd4 a6
15. Be2 Ba3 16. Rc2 Be7 17. Bf3 Bxf3 18. Qxf3 b5 19. Rec1 Ba3 20. Nc6 Qb6
21. Ne7+ Bxe7 {White resigns} 0-1

[Event "ICC Open 2015"]
[Site "Internet Chess Club"]
[Date "2015.05.29"]
[Round "9"]
[White "Machinegun"]
[Black "Werewolf"]
[Result "1-0"]
[ICCResult "Black checkmated"]
[WhiteElo "2517"]
[BlackElo "2234"]
[Opening "Giuoco Piano"]
[ECO "C54"]
[NIC "IG.02"]
[Time "21:05:20"]
[TimeControl "180+0"]

1. e4 e5 2. Nf3 Nc6 3. Bc4 Bc5 4. c3 Nf6 5. d4 exd4 6. O-O d6 7. cxd4 Bb6 8.
d5 Ne7 9. Bg5 Ng6 10. Nc3 h6 11. Be3 O-O 12. a4 Bxe3 13. fxe3 Re8 14. Qd4
Bg4 15. Nd2 Ne5 16. Bb5 Rf8 17. h3 Bd7 18. Be2 a6 19. Rf2 Qe7 20. Raf1 Nh7
21. Nf3 f6 22. Nxe5 fxe5 23. Rxf8+ Nxf8 24. Qb4 b6 25. a5 b5 26. Nd1 Rc8 27.
Qc3 c5 28. dxc6 Rxc6 29. Qd2 Ne6 30. Nc3 Nc5 31. Nd5 Qd8 32. Bf3 Be6 33. b4
Nd7 34. Bg4 Bxg4 35. hxg4 Rc4 36. Qf2 Qe8 37. Qf5 Rc8 38. g5 hxg5 39. Qxg5
Rc2 40. Ne7+ Kh7 41. Qh4+ Qh5 42. Qxh5# {Black checkmated} 1-0

[Event "ICC Open 2015"]
[Site "Internet Chess Club"]
[Date "2015.05.29"]
[Round "9"]
[White "antizwi"]
[Black "maly"]
[Result "0-1"]
[ICCResult "White resigns"]
[WhiteElo "1951"]
[BlackElo "2591"]
[Opening "Caro-Kann: anti-anti-Caro-Kann defense"]
[ECO "B10"]
[NIC "CK.01"]
[Time "21:05:28"]
[TimeControl "180+0"]

1. e4 c6 2. c4 d5 3. exd5 cxd5 4. cxd5 Nf6 5. Nc3 Nxd5 6. Nf3 e6 7. d4 Be7
8. Bd3 Nc6 9. O-O O-O 10. a3 Bf6 11. Bc2 Nce7 12. Ne4 b6 13. Nxf6+ Nxf6 14.
Bg5 Ned5 15. Qd3 Bb7 16. Rfe1 Qd6 17. Ne5 Rac8 18. Rad1 h6 19. Bd2 Rfd8 20.
Qg3 Kf8 21. Bd3 Ne7 22. Be3 Nf5 23. Bxf5 exf5 24. Qf4 Qd5 25. f3 Rc2 26. Rd2
Rxd2 27. Bxd2 Qxd4+ 28. Qxd4 Rxd4 29. Bc3 Rd8 30. Kf2 Nd5 31. Bd4 Nf4 32.
Bc3 g6 33. Kg3 Nd5 34. Bd2 g5 35. Kf2 f4 36. Rc1 Kg7 37. Rc4 f6 38. Ng4 h5
{White resigns}
0-1

[Event "ICC Open 2015"]
[Site "Internet Chess Club"]
[Date "2015.05.29"]
[Round "9"]
[White "supermouse"]
[Black "Cristhian-ator"]
[Result "0-1"]
[ICCResult "White resigns"]
[WhiteElo "2688"]
[BlackElo "2556"]
[Opening "Réti opening"]
[ECO "D94"]
[NIC "GI.09"]
[Time "21:05:33"]
[TimeControl "180+0"]

1. Nf3 Nf6 2. e3 g6 3. c4 Bg7 4. Nc3 O-O 5. d4 d5 6. Be2 c6 7. O-O Bg4 8. b3
Nbd7 9. h3 Bxf3 10. Bxf3 e6 11. Ba3 Re8 12. Qc2 Qa5 13. Bb2 Rac8 14. a3 Qd8
15. Rad1 b6 16. e4 dxe4 17. Nxe4 Qe7 18. Rfe1 Red8 19. Qb1 Nxe4 20. Bxe4 Qg5
21. Rd3 b5 22. Rc1 bxc4 23. Rxc4 Qb5 24. Rdc3 c5 25. Qc2 Qb8 26. b4 Bxd4 27.
Rd3 Ne5 28. Bxd4 cxd4 29. Rdxd4 Nxc4 30. Rxc4 Rxc4 31. Qxc4 Rd1+ {White
resigns} 0-1

[Event "ICC Open 2015"]
[Site "Internet Chess Club"]
[Date "2015.05.29"]
[Round "9"]
[White "blackjack721"]
[Black "gotsjo"]
[Result "1-0"]
[ICCResult "Black checkmated"]
[WhiteElo "1440"]
[BlackElo "1354"]
[Opening "KP: Nimzovich defense"]
[ECO "B00"]
[NIC "VO.06"]
[Time "21:05:42"]
[TimeControl "180+0"]

1. e4 Nc6 2. d4 d5 3. e5 Bf5 4. Bb5 f6 5. Bxc6+ bxc6 6. f4 Qd7 7. Nf3 h6 8.
c3 g5 9. O-O Bg7 10. Be3 Be4 11. Nfd2 f5 12. Qh5+ Kd8 13. Nxe4 dxe4 14. Qf7
Bf6 15. e6 Qd6 16. Nd2 g4 17. Nc4 Qd5 18. Ne5 Rb8 19. Qf8# {Black
checkmated} 1-0

[Event "ICC Open 2015"]
[Site "Internet Chess Club"]
[Date "2015.05.29"]
[Round "9"]
[White "ALexiz"]
[Black "ncc-1701"]
[Result "0-1"]
[ICCResult "White checkmated"]
[WhiteElo "1812"]
[BlackElo "2062"]
[Opening "Catalan: closed"]
[ECO "E01"]
[NIC "CA.01"]
[Time "21:05:54"]
[TimeControl "180+0"]

1. d4 Nf6 2. c4 e6 3. g3 d5 4. Bg2 c6 5. Nf3 Bd6 6. O-O O-O 7. Nbd2 Nbd7 8.
Qc2 Qc7 9. e4 e5 10. cxd5 cxd5 11. Qxc7 Bxc7 12. exd5 Nxd5 13. Nxe5 Nxe5 14.
dxe5 Nb4 15. f4 Bf5 16. Be4 Bg4 17. a3 Nc6 18. Nf3 Bb6+ 19. Kg2 Na5 20. b4
Nc4 21. Bxb7 Rab8 22. Bd5 Ne3+ 23. Bxe3 Bxe3 24. Rfe1 Bb6 25. Rad1 Rbc8 26.
Bb3 Rc3 27. Bd5 Rxa3 28. b5 Rc3 29. Bc6 Rc2+ 30. Kh1 Rxc6 31. bxc6 Bxf3#
{White checkmated}
0-1

[Event "ICC Open 2015"]
[Site "Internet Chess Club"]
[Date "2015.05.29"]
[Round "9"]
[White "darthvader"]
[Black "NietzscheBac"]
[Result "1-0"]
[ICCResult "Black checkmated"]
[WhiteElo "1882"]
[BlackElo "1586"]
[Opening "King's Indian: London system"]
[ECO "A48"]
[NIC "QP.03"]
[Time "21:05:24"]
[TimeControl "180+0"]

1. d4 Nf6 2. Nf3 g6 3. Bf4 Bg7 4. e3 d6 5. h3 O-O 6. Be2 c5 7. O-O cxd4 8.
exd4 b6 9. c3 Bb7 10. Nbd2 Nbd7 11. Rc1 Rc8 12. Bh2 Bh6 13. Rb1 a5 14. Bb5
Bg7 15. Re1 d5 16. Ne5 Nxe5 17. Bxe5 e6 18. Nf3 Bc6 19. Bd3 Nd7 20. Bxg7
Kxg7 21. Qe2 Qf6 22. Ne5 Nxe5 23. dxe5 Qe7 24. f4 Bd7 25. Qf2 f5 26. Qxb6
Ra8 27. Qd4 Rfc8 28. Qf2 Rc5 29. g4 Rf8 30. gxf5 exf5 31. Kh2 Be6 32. Rg1
Rcc8 33. h4 h5 34. Rg5 Qf7 35. Rbg1 Kh6 36. Be2 Rg8 37. Qf3 Rc4 38. Rxg6+
Qxg6 39. Rxg6+ Rxg6 40. Qxh5+ Kg7 41. Bxc4 dxc4 42. Qe2 Bd5 43. Qe3 Rg2+ 44.
Kh3 Rg4 45. e6 Bg2+ 46. Kh2 Be4 47. Qa7+ Kf8 48. Qf7# {Black checkmated} 1-0

[Event "ICC Open 2015"]
[Site "Internet Chess Club"]
[Date "2015.05.29"]
[Round "9"]
[White "depressnyak"]
[Black "BonifaceVIII"]
[Result "1-0"]
[ICCResult "Black resigns"]
[WhiteElo "3214"]
[BlackElo "2611"]
[Opening "Queen's pawn, Mason variation"]
[ECO "D00"]
[NIC "QP.08"]
[Time "21:06:03"]
[TimeControl "180+0"]

1. d4 d5 2. Bf4 Nf6 3. e3 e6 4. Nf3 Bd6 5. Bg3 O-O 6. Nbd2 c5 7. c3 Nc6 8.
Bd3 b6 9. e4 Nxe4 10. Nxe4 dxe4 11. Bxe4 Bb7 12. dxc5 Bxc5 13. Qe2 Qe7 14.
O-O h6 15. Rad1 Rad8 16. Bh4 g5 17. Bg3 f5 18. Bxc6 Bxc6 19. Ne5 Be8 20.
Rxd8 Qxd8 21. Rd1 Qe7 22. b4 f4 23. bxc5 fxg3 24. hxg3 Qxc5 25. c4 Rf5 26.
Ng4 Kg7 27. Qxe6 Qc6 28. Rd6 {Black resigns} 1-0

[Event "ICC Open 2015"]
[Site "Internet Chess Club"]
[Date "2015.05.29"]
[Round "9"]
[White "olimpus"]
[Black "maki89"]
[Result "1-0"]
[ICCResult "Black checkmated"]
[WhiteElo "2740"]
[BlackElo "2387"]
[Opening "Nimzovich-Larsen attack: classical variation"]
[ECO "A01"]
[NIC "VO.08"]
[Time "21:05:54"]
[TimeControl "180+0"]

1. b3 d5 2. Bb2 Nc6 3. Nf3 Nf6 4. e3 e6 5. d4 Be7 6. Bb5 O-O 7. Bxc6 bxc6 8.
O-O c5 9. Nbd2 Bb7 10. Qe2 cxd4 11. exd4 c5 12. dxc5 Bxc5 13. Bd4 Be7 14.
Rad1 Qa5 15. c4 Ba6 16. Ne5 Rac8 17. Ng4 dxc4 18. Nxf6+ Bxf6 19. Bxf6 gxf6
20. bxc4 Kh8 21. Qf3 f5 22. Nb3 Qb4 23. Qf4 Qxc4 24. Qh6 Qg4 25. Rfe1 Rg8
26. g3 f4 27. Rd4 e5 28. Rxe5 Rc2 29. Qxf4 Qh3 30. Qf6+ Rg7 31. Rd8#
{Black checkmated}
1-0

[Event "ICC Open 2015"]
[Site "Internet Chess Club"]
[Date "2015.05.29"]
[Round "9"]
[White "kurumania"]
[Black "BlitzorDDD"]
[Result "0-1"]
[ICCResult "White resigns"]
[WhiteElo "2781"]
[BlackElo "3159"]
[Opening "Robatsch (modern) defense"]
[ECO "B06"]
[NIC "KF.06"]
[Time "21:06:25"]
[TimeControl "180+0"]

1. e4 g6 2. Nf3 Bg7 3. Be2 c5 4. c3 d6 5. d4 Nf6 6. Nbd2 O-O 7. O-O cxd4 8.
cxd4 Nc6 9. a3 Bg4 10. d5 Nb8 11. Ne1 Bxe2 12. Qxe2 Nbd7 13. Nd3 Re8 14. Nc4
Rc8 15. Nf4 Nc5 16. Nd2 Qb6 17. Rb1 a6 18. Re1 Nfd7 19. Nc4 Qb5 20. Bd2 Nxe4
21. Qxe4 Rxc4 22. Qf3 Ne5 23. Qh3 Qd7 24. Qb3 b5 25. h3 Rec8 26. Ne2 Qf5 27.
Ng3 Qc2 28. Qe3 R4c7 29. Ba5 Nc4 {White resigns} 0-1

[Event "ICC Open 2015"]
[Site "Internet Chess Club"]
[Date "2015.05.29"]
[Round "9"]
[White "manitodeplomo"]
[Black "Dlugy"]
[Result "0-1"]
[ICCResult "White resigns"]
[WhiteElo "2636"]
[BlackElo "3033"]
[Opening "King's Indian: 6.Be2"]
[ECO "E91"]
[NIC "KI.19"]
[Time "21:05:53"]
[TimeControl "180+0"]

1. d4 Nf6 2. c4 g6 3. Nc3 Bg7 4. e4 d6 5. Nf3 O-O 6. Be2 c5 7. d5 e6 8. Nd2
Na6 9. O-O Nc7 10. dxe6 Nxe6 11. Nb3 b6 12. Be3 Bb7 13. f3 a6 14. Qd2 Qe7
15. Rad1 Rfd8 16. Rfe1 Nh5 17. Bf1 Be5 18. Nd5 Bxd5 19. exd5 Nc7 20. f4 Bg7
21. Bxc5 Qxe1 22. Rxe1 bxc5 23. g3 f5 24. Na5 Nf6 25. Nc6 Re8 26. Bd3 h5 27.
Kg2 h4 28. b4 cxb4 29. Qxb4 Rxe1 30. Qxe1 Nce8 31. Qe6+ Kh7 32. Qd7 Nxd7
{White resigns}
0-1

[Event "ICC Open 2015"]
[Site "Internet Chess Club"]
[Date "2015.05.29"]
[Round "9"]
[White "PJJVenegas"]
[Black "aplusk"]
[Result "0-1"]
[ICCResult "White checkmated"]
[WhiteElo "2220"]
[BlackElo "2834"]
[Opening "Benkö gambit half accepted"]
[ECO "A57"]
[NIC "BI.43"]
[Time "21:05:44"]
[TimeControl "180+0"]

1. d4 Nf6 2. c4 c5 3. d5 b5 4. cxb5 a6 5. e3 g6 6. Nf3 Bg7 7. Bd2 Ne4 8. Nc3
Nxd2 9. Qxd2 O-O 10. bxa6 d6 11. Bb5 Bxa6 12. Bxa6 Nxa6 13. O-O Qb6 14. Rfb1
Rfb8 15. a4 Rb7 16. h4 h6 17. h5 g5 18. Qd3 Rab8 19. Nd2 Nb4 20. Qf5 Qc7 21.
Nc4 Qd7 22. Qe4 f5 23. Qf3 Nc2 24. Nb5 Nxa1 25. Rxa1 Ra8 26. Ra3 Bf6 27. e4
f4 28. g3 fxg3 29. fxg3 Rf8 30. Qe2 Rxb5 31. axb5 Bd4+ 32. Ne3 Qh3 33. Qg2
Qxh5 34. g4 Qh4 35. Rd3 Qe1+ 36. Kh2 Be5+ 37. Kh3 Qh4# {White checkmated}
0-1

[Event "ICC Open 2015"]
[Site "Internet Chess Club"]
[Date "2015.05.29"]
[Round "9"]
[White "PADILLON2189"]
[Black "Piranha"]
[Result "1-0"]
[ICCResult "Black checkmated"]
[WhiteElo "2039"]
[BlackElo "1788"]
[Opening "Dutch: Leningrad, main variation"]
[ECO "A87"]
[NIC "HD.06"]
[Time "21:05:32"]
[TimeControl "180+0"]

1. d4 f5 2. c4 Nf6 3. Nf3 g6 4. g3 Bg7 5. Bg2 d6 6. O-O O-O 7. d5 Qe8 8. Nd4
a5 9. Nc3 Na6 10. Re1 Bd7 11. e4 Nxe4 12. Nxe4 fxe4 13. Rxe4 Nc5 14. Re1 Qf7
15. Be3 Rae8 16. Qd2 e5 17. dxe6 Nxe6 18. Nxe6 Bxe6 19. Bxb7 Bxc4 20. b3 Be6
21. Rac1 d5 22. Qxa5 Qf3 23. Rxc7 Rf5 24. Rxg7+ Kxg7 25. Bd4+ Kg8 26. Qc7
Rh5 27. Qg7# {Black checkmated} 1-0

[Event "ICC Open 2015"]
[Site "Internet Chess Club"]
[Date "2015.05.29"]
[Round "9"]
[White "MichelRocard"]
[Black "RobbieWilliams"]
[Result "1-0"]
[ICCResult "Black resigns"]
[WhiteElo "1915"]
[BlackElo "1729"]
[Opening "Alekhine's defense: Scandinavian variation"]
[ECO "B02"]
[NIC "AL.10"]
[Time "21:06:12"]
[TimeControl "180+0"]

1. e4 Nf6 2. Nc3 d5 3. exd5 Nxd5 4. Bc4 Nb6 5. Bb3 Bf5 6. d3 e6 7. f4 Bd6 8.
Nf3 a5 9. a3 Nc6 10. O-O O-O 11. h3 Bg6 12. Qe1 Bc5+ 13. Kh1 Nd4 14. Nxd4
Bxd4 15. Bd2 c6 16. Rd1 Nd5 17. Nxd5 exd5 18. c3 Bf6 19. f5 Bh4 20. Qe2 Re8
21. Qg4 a4 22. fxg6 hxg6 23. Bc2 d4 24. Qxd4 Qe7 25. Rf4 Bf6 26. Qf2 Ra5 27.
Re1 Qd8 28. Rxe8+ Qxe8 29. Re4 Qd7 30. Qe2 Kh7 31. d4 Rh5 32. Qxh5+ gxh5 33.
Re7+ g6 34. Rxd7 {Black resigns} 1-0

[Event "ICC Open 2015"]
[Site "Internet Chess Club"]
[Date "2015.05.29"]
[Round "9"]
[White "Moreno1"]
[Black "slothchess"]
[Result "0-1"]
[ICCResult "White checkmated"]
[WhiteElo "1260"]
[BlackElo "1486"]
[Opening "Sicilian defense"]
[ECO "B20"]
[NIC "SI.48"]
[Time "21:06:21"]
[TimeControl "180+0"]

1. e4 c5 2. Qf3 Nc6 3. d3 d6 4. c3 e6 5. Be2 Nf6 6. Qg3 b5 7. h4 a5 8. h5 h6
9. f4 b4 10. e5 dxe5 11. fxe5 Nd7 12. Bf4 Ba6 13. Nd2 Nb6 14. c4 Nd4 15. Rc1
Bb7 16. b3 Nc8 17. Bf3 Bxf3 18. gxf3 Ne7 19. Ne2 Nef5 20. Qf2 Nxe2 21. Kxe2
Nd4+ 22. Kd1 a4 23. Ra1 axb3 24. Kc1 bxa2 25. Kb2 Qa5 26. Nb3 Qa3#
{White checkmated}
0-1

[Event "ICC Open 2015"]
[Site "Internet Chess Club"]
[Date "2015.05.29"]
[Round "9"]
[White "receipt"]
[Black "jewels2"]
[Result "0-1"]
[ICCResult "White checkmated"]
[WhiteElo "1084"]
[BlackElo "1343"]
[Opening "Budapest defense declined"]
[ECO "A51"]
[NIC "QG.01"]
[Time "21:06:04"]
[TimeControl "180+0"]

1. d4 Nf6 2. c4 e5 3. d5 Bc5 4. e3 O-O 5. Bd3 d6 6. Ne2 Bg4 7. Nbc3 Re8 8.
a3 e4 9. Bc2 a6 10. b4 Ba7 11. h3 Bh5 12. g4 Bg6 13. Ng3 Nbd7 14. g5 Ne5 15.
Ncxe4 Nxe4 16. Nxe4 Nxc4 17. Ng3 Qxg5 18. Bb3 Ne5 19. e4 Qf6 20. h4 Qxf2#
{White checkmated}
0-1

[Event "ICC Open 2015"]
[Site "Internet Chess Club"]
[Date "2015.05.29"]
[Round "9"]
[White "orak"]
[Black "LooneyBinJim"]
[Result "0-1"]
[ICCResult "White checkmated"]
[WhiteElo "1589"]
[BlackElo "1712"]
[Opening "Caro-Kann: advance variation"]
[ECO "B12"]
[NIC "CK.02"]
[Time "21:05:34"]
[TimeControl "180+0"]

1. e4 c6 2. d4 d5 3. e5 c5 4. c3 Nc6 5. f4 Qb6 6. Nf3 Bg4 7. Be2 Bxf3 8.
Bxf3 cxd4 9. Qe2 e6 10. a3 dxc3 11. Nxc3 Nd4 12. Qf2 Nxf3+ 13. Qxf3 a6 14.
Be3 Qxb2 15. Rc1 Bxa3 16. O-O Ne7 17. Bd4 Qxc1 18. Rxc1 Bxc1 19. Na4 O-O 20.
Nb6 Rad8 21. Bc5 Rfe8 22. g4 Nc6 23. Qf1 Bb2 24. Qd3 Bc1 25. Qf3 Bb2 26. Na4
Bd4+ 27. Bxd4 Nxd4 28. Qf2 Nb5 29. Nc5 Rc8 30. Nxb7 Rc1+ 31. Kg2 Rec8 32.
Kh3 R8c3+ 33. Kh4 R1c2 34. Qg1 Nd4 35. Qxd4 Rxh2+ 36. Kg5 h6# {White
checkmated} 0-1

[Event "ICC Open 2015"]
[Site "Internet Chess Club"]
[Date "2015.05.29"]
[Round "9"]
[White "RaiseTheCurve"]
[Black "akibael"]
[Result "0-1"]
[ICCResult "White resigns"]
[WhiteElo "1986"]
[BlackElo "2424"]
[Opening "Van't Kruijs opening"]
[ECO "A00"]
[Time "21:06:17"]
[TimeControl "180+0"]

1. e3 d5 2. b3 e5 3. Bb2 Nc6 4. Bb5 Bd6 5. f4 Qe7 6. Nf3 f6 7. fxe5 fxe5 8.
Bxc6+ bxc6 9. Nxe5 Nf6 10. Nf3 O-O 11. O-O Bg4 12. Qe1 Ne4 13. d3 Ng5 14.
Nbd2 Rae8 15. Nxg5 Qxg5 16. e4 Qh6 17. e5 Bb4 18. d4 Bxd2 19. Rxf8+ Rxf8 20.
Qg3 Be2 21. Ba3 Be3+ 22. Kh1 Bf4 {White resigns} 0-1

[Event "ICC Open 2015"]
[Site "Internet Chess Club"]
[Date "2015.05.29"]
[Round "9"]
[White "JobbyleHut"]
[Black "ZeCarioca"]
[Result "1-0"]
[ICCResult "Black resigns"]
[WhiteElo "1408"]
[BlackElo "1618"]
[Opening "Alekhine's defense: Maróczy variation"]
[ECO "A00"]
[NIC "VO.13"]
[Time "21:06:01"]
[TimeControl "180+0"]

1. d3 Nf6 2. e4 d6 3. c4 c5 4. Nc3 Nc6 5. Nge2 g6 6. h3 Bg7 7. g4 h6 8. Bg2
Be6 9. Nf4 Bd7 10. Be3 Nd4 11. Ncd5 e6 12. Nxf6+ Bxf6 13. Ne2 Qa5+ 14. Bd2
Qb6 15. Rb1 a5 16. O-O O-O 17. Bxh6 Rfe8 18. f4 Nxe2+ 19. Qxe2 Bd4+ 20. Kh1
Kh7 21. Bg5 f6 22. Bh4 Kg7 23. f5 Rh8 24. Bf2 exf5 25. Bxd4 cxd4 26. exf5 g5
27. Qe7+ Kh6 28. Qxd7 Rad8 29. Qf7 Rhg8 30. Qxf6+ Kh7 31. Rfe1 Rd7 32. Re6
{Black resigns}
1-0

[Event "ICC Open 2015"]
[Site "Internet Chess Club"]
[Date "2015.05.29"]
[Round "9"]
[White "Shafkat"]
[Black "spartan62"]
[Result "1-0"]
[ICCResult "Black checkmated"]
[WhiteElo "1557"]
[BlackElo "1291"]
[Opening "Sicilian"]
[ECO "B56"]
[NIC "SI.25"]
[Time "21:05:33"]
[TimeControl "180+0"]

1. e4 c5 2. Nf3 Nc6 3. d4 cxd4 4. Nxd4 d6 5. Nc3 Nf6 6. g3 e5 7. Nb3 Be7 8.
Bg2 Be6 9. O-O O-O 10. h3 h6 11. Be3 Rc8 12. Nd5 Bxd5 13. exd5 Nd4 14. Bxd4
exd4 15. Nxd4 Nxd5 16. Bxd5 Qa5 17. c4 Bf6 18. a3 Qc5 19. Nf3 Bxb2 20. Rb1
Bxa3 21. Rxb7 Bb4 22. Qd3 a5 23. Qf5 Rc7 24. Rxc7 Qxc7 25. Nd4 Qe7 26. Nc6
Qe2 27. Qd7 Bc3 28. Ne7+ Kh8 29. Nf5 Bf6 30. Qxd6 Qh5 31. Qxf8+ Kh7 32. Bxf7
Qxf5 33. Qg8# {Black checkmated} 1-0

[Event "ICC Open 2015"]
[Site "Internet Chess Club"]
[Date "2015.05.29"]
[Round "9"]
[White "Abbas-Child"]
[Black "pvchandu"]
[Result "0-1"]
[ICCResult "White resigns"]
[WhiteElo "1248"]
[BlackElo "1375"]
[Opening "Scandinavian: Marshall variation"]
[ECO "B01"]
[NIC "SD.03"]
[Time "21:05:53"]
[TimeControl "180+0"]

1. e4 d5 2. exd5 Nf6 3. d4 Nxd5 4. Nf3 Bg4 5. Be2 h6 6. c3 Nc6 7. Nbd2 e6 8.
h3 Bh5 9. g4 Bg6 10. O-O Nf4 11. Kh2 Nxe2 12. Qxe2 Bd6+ 13. Kg2 O-O 14. Ne4
e5 15. Nxd6 Qxd6 16. dxe5 Qe6 17. Bf4 Rad8 18. Rad1 Rxd1 19. Re1 Rxe1 20.
Qxe1 f6 21. Bg3 Nxe5 22. Nxe5 fxe5 23. Qe3 Re8 24. Qxa7 Be4+ 25. Kg1 Bc6 26.
Qa3 e4 27. Qb3 e3 28. Qxe6+ Rxe6 29. fxe3 Rxe3 30. Kf2 Rf3+ 31. Kg2 Rxc3+
32. Kh2 Rc2+ 33. Kg1 Rxb2 34. Bxc7 Rxa2 {White resigns} 0-1